cohdb
Replays
Latest Replays
All Replays
Popular Replays
Top Player Replays
Match Explorer
How It Works
Community
CoH3 Stats
Reddit
Sign in to upload your games and track your stats! →
Sign in with Steam
Match 45705953
Unlisted
Match 45705953
Overview
Messages
Build Orders
End
Engineer Squad
Construct Weapon Support Center
Sniper
.30 cal Machine Gun
Sniper
Bazooka Squad
Construct Medical Station
M1919 Machine Gun Team
Infantry Support Center
Bazooka Squad
Survival Training
Selects Advanced Infantry Battlegroup
Selects Advanced Infantry Battlegroup
Selects Ammunition Storage
Selects M2A1 105mm Howitzer Emplacement
M1919 Machine Gun Team
Selects Free Fire Drills
Improved M9 Bazooka Rockets
.30 cal Machine Gun
Advanced Logistics
.30 cal Machine Gun
.30 cal Machine Gun
Engineer Squad
Demolitions Package
Munitions Surplus
M1919 Machine Gun Team
Brick_man
Lord Grim
Exf
Gravey
StickyJuice
NotKing
Rio
十三将士归玉门
0
0
Comments
sign in to comment!
No comments posted yet!